Map: Cyber Forest LE

Players

Mesrob - Winner!

  • Race: Terran Terran
  • League: Platinum
  • Spawn Location: 5:00

Fighterjock

  • Race: Zerg Zerg
  • League: Platinum
  • Spawn Location: 11:00

VOD

Have the link to the VOD?

Description

Time

  • Played on: July 13, 2019, 6:31 p.m.
  • Length: 1:34
Show
View Real Time Build Order
Export as new Build Order

Mesrob Terran - Winner!

Build Orders:  

Get SALT Encoding   

  12  0:00  SCV  
  13  0:12  SCV  
  14  0:17  Supply Depot  
  14  0:25  SCV  
  15  0:39  Barracks, SCV  
  16  0:46  Refinery  
  16  0:51  SCV  
  17  1:03  SCV  
  18  1:15  SCV  
Show
View Real Time Build Order
Export as new Build Order

Fighterjock Zerg 

Build Orders: Pool First 

Get SALT Encoding   

  12  0:02  Drone  
  13  0:09  Drone  
  14  0:27  Spawning Pool  
  13  0:30  Drone  
  14  0:38  Overlord  
  14  0:41  Extractor  
  13  0:44  Extractor  
  13  0:47  Drone  
  13  0:51  Drone  
  16  1:15  Zergling x2  
  19  1:26  Hatchery  
Tags
 
Add a new tag
Caveats
  • Supply blocks, unpowered buildings, or Contaminate may cause inaccurate times.
  • Supply counts are checked every 10 seconds.